 Dungeon Crawl Stone Soup version 0.22-a0-305-gd21a89c (webtiles) character file.

27022 xccam the Cleaver (level 13, -5/104 HPs)
             Began as a Formicid Fighter on Mar 30, 2018.
             Was the Champion of Cheibriados.
             Slain by an ettin
             ... wielding a +2 dire flail of crushing
              (39 damage)
             ... on level 1 of the Orcish Mines.
             The game lasted 00:31:09 (13311 turns).

xccam the Cleaver (Formicid Fighter)               Turns: 13311, Time: 00:31:09

Health: -5/104     AC: 19    Str: 42    XL:     13   Next: 62%
Magic:  19/19      EV: 13    Int: 26    God:    Cheibriados [******]
Gold:   1313       SH: 24    Dex: 25    Spells: 12/12 levels left

rFire    . . .     SeeInvis +   a - +0 war axe
rCold    . . .     Gourm    +   b - +0 large shield
rNeg     + . .     Faith    .   t - +0 plate armour
rPois    .         Spirit   .   (helmet unavailable)
rElec    .         Reflect  .   (no cloak)
rCorr    .         Harm     .   L - +2 pair of gloves
MR       +....                  c - +0 pair of boots
Stlth    ..........             r - amulet of the gourmand
HPRegen  0.27/turn              B - +4 ring of intelligence
MPRegen  0.16/turn              w - ring of positive energy

@: very slow
A: permanent stasis, dig shafts and tunnels, four strong arms, antennae 3
a: Dig, Shaft Self, Bend Time, Temporal Distortion, Slouch, Step From Time,
Renounce Religion


You were on level 1 of the Orcish Mines.
You worshipped Cheibriados.
Cheibriados was exalted by your worship.
You were completely stuffed.

You visited 3 branches of the dungeon, and saw 14 of its levels.
You also visited: Ossuary.

You collected 1313 gold pieces.

Inventory:

Hand Weapons
 a - a +0 war axe (weapon)
 j - a +1 battleaxe of chopping
Armour
 b - a +0 large shield (worn)
 c - a +0 pair of boots (worn)
 t - a +0 plate armour (worn)
 L - a +2 pair of gloves (worn)
 M - a +1 scale mail of magic resistance
Jewellery
 r - an amulet of the gourmand (around neck)
 w - a ring of positive energy (right hand)
 B - a +4 ring of intelligence (left hand)
Wands
 g - a wand of flame (29)
 v - a wand of disintegration (17)
 x - a wand of acid (3)
 O - a wand of polymorph (13)
 P - a wand of paralysis (15)
Scrolls
 d - 2 scrolls of immolation
 e - 3 scrolls of fear
 h - 2 scrolls of magic mapping
 m - 6 scrolls of amnesia
 n - 2 scrolls of enchant armour
 y - a scroll of fog
 z - 8 scrolls of remove curse
 H - 4 scrolls of enchant weapon
Potions
 i - 6 potions of flight
 k - a potion of invisibility
 l - 8 potions of curing
 o - 2 potions of agility
 s - 2 potions of resistance
 u - a potion of heal wounds
 A - 2 potions of brilliance
 C - 2 potions of magic
 E - 2 potions of might
 G - 2 potions of mutation
Comestibles
 f - 30 rations
 p - 12 chunks of flesh


   Skills:
 * Level 10.5 Fighting
 + Level 12.6 Axes
 - Level 9.3 Armour
 - Level 5.6 Dodging
 + Level 12.6 Shields
 - Level 8.0 Invocations


You had 12 spell levels left.
You didn't know any spells.

Dungeon Overview and Level Annotations

Branches:
Dungeon (12/15)            Temple (1/1) D:4            Lair (0/6) D:8
    Orc (1/2) D:12

Altars:
Cheibriados
Dithmenos
Gozag
Hepliaklqana
Qazlal
Ru
Sif Muna
Trog
Uskayaw
Wu Jian
Yredelemnul
Zin
The Shining One
Beogh

Shops:
D:4 (   D:10 *(   D:11 ?


Innate Abilities, Weirdness & Mutations

You cannot be hasted, slowed, berserked, paralysed or teleported.
You can dig through walls and to a lower floor.
Your four strong arms can wield two-handed weapons with a shield.
You have a pair of large antennae on your head. (SInv)


Message History

The ettin hits you with a dire flail of crushing!
The ettin hits you with a dire flail of protection!!
* * * LOW HITPOINT WARNING * * *
You feel much better. You block the ettin's attack. x2
You hit the ettin but do no damage.
The ettin is lightly wounded.
You block the ettin's attack.
The ettin hits you with a dire flail of protection!
You slash the ettin!
The ettin is moderately wounded.
You hit the ettin but do no damage.
The ettin is moderately wounded.
You block the ettin's attack. x2
You slash the ettin!
The ettin is severely wounded.
You block the ettin's attack. x2
You hit the ettin.
The ettin is severely wounded.
The ettin hits you with a dire flail of crushing!!!
You die...

{ #. #. ####### #. .......
#############. ......C
#...........'. .......
#.############ .......
####'#####(......
......C####........#(((....
.....ooCCC@........รท(......
......o####........#.......
####### #################


You could see an ettin, 3 cyclopes, an orc wizard (invisible) and 2 orcs.

Vanquished Creatures
  A fire giant (Orc:1)
  An ettin (Orc:1)
  A hydra (D:10)
  An ogre mage (D:11)
  A death knight (D:11)
  3 two-headed ogres
  Urug (D:12)
  Pikel (D:5)
  A deep elf mage (D:12)
  9 cyclopes (Orc:1)
  An ugly thing (D:12)
  An elephant (D:8)
  The ghost of Rhok the Skirmisher, a novice DsMo of Okawaru (D:7)
  2 gargoyles
  A freezing wraith (D:11)
  A kobold demonologist (D:11)
  4 trolls
  3 polar bears (D:8)
  2 hippogriffs
  9 yaks
  A vampire (D:11)
  A wyvern (D:11)
  Grum (D:8)
  2 hungry ghosts
  3 basilisks
  5 vampire mosquitoes
  Edmund (D:5)
  An acid dragon (D:11)
  3 wargs (Orc:1)
  11 orc warriors
  2 black bears
  2 sky beasts
  6 ice beasts
  2 phantoms
  14 ogres
  A crocodile (D:12)
  7 wolves
  5 big kobolds
  8 bullfrogs
  5 scorpions
  8 killer bees
  10 wights
  5 electric eels
  2 howler monkeys
  8 crimson imps
  A quasit (D:6)
  4 centaur zombies
  2 bullfrog zombies
  4 jellies
  Crazy Yiuf (D:3)
  6 orc priests
  7 hounds
  3 bullfrog skeletons
  3 centaur skeletons
  3 iguanas
  10 orc wizards
  12 worker ants
  2 ogre zombies (Ossuary)
  A hound zombie (D:8)
  A hound skeleton (D:4)
  7 mummies (Ossuary)
  2 worker ant zombies
  9 gnolls
  14 adders
  A shadow imp (D:11)
  A worker ant simulacrum (D:8)
  An ufetubus (D:8)
  An ooze (D:1)
  11 adder zombies (Ossuary)
  2 adder skeletons
  3 worms
  A dart slug (D:1)
  3 leopard geckos
  78 orcs
  3 ball pythons
  9 bats
  5 giant cockroaches
  9 goblins
  7 hobgoblins
  19 jackals
  3 quokkas
  A frilled lizard (D:1)
  2 gnoll zombies (Ossuary)
  3 goblin zombies (Ossuary)
  A hobgoblin zombie (Ossuary)
  26 kobolds
  5 kobold zombies (Ossuary)
  2 quokka skeletons
  A quokka zombie (Ossuary)
  8 rats
  2 rat zombies (Ossuary)
  A plant (D:12)
460 creatures vanquished.

Vanquished Creatures (others)
  A centaur zombie (D:5)
  An orc wizard (D:5)
  An ooze (D:5)
  2 orcs (D:5)
5 creatures vanquished.

Grand Total: 465 creatures vanquished

Notes
Turn   | Place    | Note
-------+----------+-------------------------------------------
     0 | D:1      | xccam the Formicid Fighter began the quest for the Orb.
     0 | D:1      | Reached XP level 1. HP: 18/18 MP: 1/1
    68 | D:1      | Reached XP level 2. HP: 24/24 MP: 2/2
   190 | D:1      | Reached XP level 3. HP: 27/29 MP: 3/3
   793 | D:2      | Reached XP level 4. HP: 18/35 MP: 4/4
  1629 | D:3      | Found a runed door.
  1754 | D:3      | Reached XP level 5. HP: 41/41 MP: 5/5
  2161 | D:3      | Reached skill level 5 in Axes
  2360 | D:3      | Noticed Crazy Yiuf
  2364 | D:3      | Killed Crazy Yiuf
  2364 | D:3      | Reached XP level 6. HP: 41/47 MP: 6/6
  2648 | D:4      | Found Utum's Antique Weapon Shoppe.
  2696 | D:4      | Found a staircase to the Ecumenical Temple.
  2702 | Temple   | Entered the Ecumenical Temple
  2781 | Temple   | Became a worshipper of Cheibriados the Contemplative
  2893 | D:4      | Reached XP level 7. HP: 41/52 MP: 7/7
  3263 | D:5      | Entered Level 5 of the Dungeon
  3264 | D:5      | Noticed Edmund
  3271 | D:5      | Killed Edmund
  3327 | D:5      | Reached * piety under Cheibriados
  3381 | D:5      | Reached XP level 8. HP: 51/58 MP: 8/8
  3501 | D:5      | Reached skill level 5 in Shields
  3526 | D:5      | Noticed Pikel
  3548 | D:5      | Killed Pikel
  3591 | D:5      | Reached XP level 9. HP: 42/64 MP: 9/9
  3816 | D:5      | Reached skill level 1 in Invocations
  3874 | D:5      | Reached skill level 1 in Dodging
  4245 | D:6      | Reached ** piety under Cheibriados
  4422 | D:6      | Found a glowing silver altar of Zin.
  4750 | D:6      | Found a deep blue altar of Sif Muna.
  4808 | D:6      | Reached *** piety under Cheibriados
  5061 | D:7      | Reached skill level 5 in Armour
  5172 | D:7      | Reached XP level 10. HP: 54/70 MP: 13/13
  5235 | D:7      | Found a sand-covered staircase.
  5244 | Ossuary  | Entered an ossuary
  5402 | Ossuary  | Reached **** piety under Cheibriados
  5491 | Ossuary  | Reached skill level 5 in Invocations
  5806 | D:7      | Reached ***** piety under Cheibriados
  6023 | D:7      | Found a shadowy altar of Dithmenos.
  6024 | D:7      | Noticed Rhok's ghost (novice DsMo)
  6042 | D:7      | Killed Rhok's ghost
  6074 | D:7      | Found a stormy altar of Qazlal.
  6513 | D:8      | Noticed a two-headed ogre
  6519 | D:8      | Killed a two-headed ogre
  6539 | D:8      | Reached skill level 5 in Dodging
  6651 | D:8      | Noticed Grum
  6663 | D:8      | Reached XP level 11. HP: 51/75 MP: 16/16
  6671 | D:8      | Reached skill level 10 in Axes
  6677 | D:8      | Killed Grum
  6916 | D:8      | Noticed an elephant
  6943 | D:8      | Killed an elephant
  7184 | D:8      | Found a staircase to the Lair.
  7297 | D:8      | Reached ****** piety under Cheibriados
  8260 | D:9      | Noticed a two-headed ogre
  8266 | D:9      | Killed a two-headed ogre
  8657 | D:9      | Found a roughly hewn altar of Beogh.
  8928 | D:10     | Entered Level 10 of the Dungeon
  8997 | D:10     | Reached skill level 10 in Shields
  8999 | D:10     | Found Neinyso's General Store.
  9327 | D:10     | Noticed a two-headed ogre
  9339 | D:10     | Killed a two-headed ogre
  9339 | D:10     | Reached XP level 12. HP: 39/82 MP: 18/18
  9530 | D:10     | Found Madousm's Weapon Emporium.
  9965 | D:11     | Noticed a four-headed hydra
 10186 | D:10     | Killed a four-headed hydra
 10186 | D:10     | Reached skill level 5 in Fighting
 10319 | D:11     | Found Qenniho's Magic Scroll Emporium.
 10556 | D:11     | Noticed an ogre mage
 10565 | D:11     | Killed an ogre mage
 10666 | D:11     | Noticed a death knight
 10683 | D:11     | Killed a death knight
 11395 | D:12     | Found a staircase to the Orcish Mines.
 11555 | D:12     | Reached XP level 13. HP: 47/98 MP: 19/19
 11765 | D:12     | Noticed Urug
 11790 | D:12     | Killed Urug
 12293 | Orc:1    | Entered Level 1 of the Orcish Mines
 13115 | Orc:1    | Reached skill level 10 in Fighting
 13281 | Orc:1    | Noticed a fire giant
 13282 | Orc:1    | Noticed an ettin
 13283 | Orc:1    | Noticed an ettin
 13298 | Orc:1    | Killed a fire giant
 13304 | Orc:1    | Killed an ettin
 13311 | Orc:1    | Slain by an ettin

Vault maps used:
D:1:      lightli_arrival_maybe_door_vault, serial_bayou_pond_e, st_stairs_6
D:2:      grunt_decor_arrowhead
D:3:      eino_tiny_chamber, uniq_crazy_yiuf_cottage
D:4:      minmay_temple_entry_butterflies, serial_shops, shop, first_ration
D:5:      uniq_pikel, uniq_edmund
D:6:      kennysheep_little_box, overflow_temple_1_default,
          palyth_stone_intersect
D:7:      nicolae_qazlal_eye_of_the_storm, grunt_dithmenos_smoke,
          chequers_ossuary_entry_cave
D:8:      david_lair_generic, serial_ice, serial_ice_n, serial_ice_f,
          serial_ice_a, serial_ice_o, serial_ice_i, serial_ice_h,
          solitary_fountain, abandoned_shop, uniq_grum
D:9:      special_room
D:10:     serial_shops, shop, nicolae_shop_crystal
D:11:     minmay_bloctagon, serial_shops, nicolae_shop_window_shopping
D:12:     erik_orc_3, blue_anna_alchemist, serial_bayou_lagoon_b, uniq_urug
Temple:   dpeg_five_rooms_temple
Orc:1:    giant_chief_lemuel, basic_altar, mines3_lemuel, uniq_erica
Ossuary:  ossuary_boxes_badplayer

Skill      XL: |  1  2  3  4  5  6  7  8  9 10 11 12 13 |
---------------+----------------------------------------+-----
Axes           | 3 4 5 7 8 9 11 12 | 12.6
Shields        | 4 9 10 11 12 | 12.6
Invocations    | 4 6 8 |  8.0
Dodging        | 3 5 |  5.6
Armour         | 5 7 9 |  9.3
Fighting       | 8 10 | 10.5

Action                   |  1- 3 |  4- 6 |  7- 9 | 10-12 | 13-15 || total
-------------------------+-------+-------+-------+-------+-------++-------
Melee: War axe           |    64 |   153 |   310 |   876 |   184 ||  1587
Invok: Step From Time    |       |       |       |     1 |       ||     1
       Temporal Distorti |       |       |       |       |     2 ||     2
 Abil: Dig               |       |       |     1 |     5 |       ||     6
Evoke: Wand              |       |       |       |     8 |       ||     8
  Use: Scroll            |       |    10 |     4 |    15 |       ||    29
       Potion            |       |       |     1 |     4 |     2 ||     7
 Stab: Invisible         |       |     1 |       |       |       ||     1
       Distracted        |       |       |       |     1 |       ||     1
  Eat: Chunk             |       |     3 |     6 |    32 |     4 ||    45
       Ration            |       |     1 |       |       |       ||     1
Armor: Scale mail        |    33 |    50 |    73 |    25 |       ||   181
       Plate armour      |       |       |       |   183 |    17 ||   200
Dodge: Dodged            |    13 |    47 |    95 |   246 |    43 ||   444
Block: Shield            |    27 |    63 |   176 |   216 |       ||   482
       Large shield      |       |       |       |   557 |   161 ||   718

Table legend:
 A = Spawn XP
 B = Non-spawn XP
 C = Spawn XP percentage of total XP
 D = Spawn monster count
 E = Non-spawn monster count
 F = Spawn count percentage of total count
 G = Total turns spent on level
                    A         B        C        D         E        F      G
               +---------+---------+-------+---------+---------+-------+---------
         Total |       0 |   38604 |   0.0 |       0 |     458 |   0.0 | 13311
               +---------+---------+-------+---------+---------+-------+---------
           D:1 |       0 |      43 |   0.0 |       0 |      23 |   0.0 |   467
           D:2 |       0 |      59 |   0.0 |       0 |      13 |   0.0 |   893
           D:3 |       0 |     170 |   0.0 |       0 |      26 |   0.0 |  1053
           D:4 |       0 |     419 |   0.0 |       0 |      20 |   0.0 |   718
           D:5 |       0 |    1630 |   0.0 |       0 |      16 |   0.0 |   809
           D:6 |       0 |     916 |   0.0 |       0 |      33 |   0.0 |   921
           D:7 |       0 |    2316 |   0.0 |       0 |      43 |   0.0 |   876
           D:8 |       0 |    5432 |   0.0 |       0 |      48 |   0.0 |  1928
           D:9 |       0 |    2335 |   0.0 |       0 |      37 |   0.0 |   727
          D:10 |       0 |    4009 |   0.0 |       0 |      28 |   0.0 |  1275
          D:11 |       0 |    6387 |   0.0 |       0 |      53 |   0.0 |   825
          D:12 |       0 |    4718 |   0.0 |       0 |      47 |   0.0 |  1265
         Orc:1 |       0 |    9780 |   0.0 |       0 |      34 |   0.0 |  1018
       Ossuary |       0 |     390 |   0.0 |       0 |      37 |   0.0 |   404
               +---------+---------+-------+---------+---------+-------+---------
